 Dungeon Crawl Stone Soup version 0.30-a0-629-gd54f4be4f7 (webtiles) character file.

Game seed: 1040799438086176584

42 pokeman the Magician (level 3, 0/20 HPs)
             Began as a Deep Elf Hedge Wizard on Jan 12, 2023.
             Succumbed to miscasting Mephitic Cloud's poison
             ... on level 2 of the Dungeon.
             The game lasted 00:02:32 (1325 turns).

pokeman the Magician (Deep Elf Hedge Wizard)        Turns: 1325, Time: 00:02:32

Health: 0/20       AC:  6    Str:  7    XL:     3   Next: 33%
Magic:  0/11       EV: 12    Int: 20    God:
Gold:   42         SH:  0    Dex: 14    Spells: 4/12 levels left

rFire   . . .      SeeInvis .    j - +2 dagger (venom)
rCold   . . .      Faith    .    (no shield)
rNeg    . . .      Spirit   .    b - +0 robe
rPois   .          Reflect  .    c - +0 hat
rElec   .          Harm     .    (no cloak)
rCorr   +          Rampage  .    (no gloves)
Will    .....                    (no boots)
Stlth   ++                       (no amulet)
HPRegen 0.23/turn                i - +4 ring of protection
MPRegen 0.12/turn                k - ring of resist corrosion

@: lethally poisoned (0 -> -4), very slightly contaminated
A: no striking features
a: no special abilities


You were on level 2 of the Dungeon.
You visited 1 branch of the dungeon, and saw 2 of its levels.

You collected 42 gold pieces.

Inventory:

Hand Weapons
 j - a +2 dagger of venom (weapon)
Armour
 b - a +0 robe (worn)
 c - a +0 hat (worn)
Magical Staves
 g - a staff of conjuration
Jewellery
 i - a +4 ring of protection (left hand)
 k - a ring of resist corrosion (right hand)
 l - a ring of ice
Scrolls
 a - 2 scrolls of magic mapping {unknown}
 f - a scroll of amnesia {unknown}
Potions
 d - a potion of magic
 e - a potion of curing {unknown}
 h - 2 potions of brilliance {unknown}


   Skills:
 + Level 0.8 Fighting
 + Level 0.8 Armour
 - Level 2.4 Dodging
 - Level 2.4 Stealth
 * Level 5.3 Spellcasting
 + Level 1.8 Conjurations
 - Level 1.1 Summonings
 - Level 1.1 Translocations


You had 4 spell levels left.
You knew the following spells:

 Your Spells              Type           Power      Damage    Failure   Level
a - Magic Dart            Conj           48%        1d5       5%          1
b - Mephitic Cloud        Conj/Pois/Air  7%         N/A       26%         3
c - Call Imp              Summ           9%         N/A       11%         2
d - Blink                 Tloc           18%        N/A       11%         2

Your spell library contained the following spells:

 Spells                   Type           Power      Damage    Failure   Level
 Slow                     Hex            20%        N/A       12%         1
 Cigotuvi's Dreadful Rot  Necr/Pois/Air  10%        N/A       17%         2
 Gell's Gravitas          Tloc           9%         N/A       22%         3
 Lesser Beckoning         Tloc           18%        N/A       22%         3
 Teleport Other           Tloc           9%         N/A       22%         3


Dungeon Overview and Level Annotations

Branches:
Dungeon (2/15)

Altars:


Message History

Confirm with . or Enter, or press ? or * to list all spells.
The spell is extremely dangerous to miscast (26% risk of failure)!
Continue anyway?
Aiming: Mephitic Cloud (extremely dangerous; 26% risk of failure)
Press: ? - help, Shift-Dir - straight line, f/p - gnoll
Aim: a gnoll, wielding a +0 spear (lightly wounded, chance to affect: 91%) That beam is likely to hit you.
Continue anyway?
You miscast Mephitic Cloud.
You are very lightly contaminated with residual magic.
You are caught in a violent explosion!
The gnoll hits you but does no damage. x2
Casting: Mephitic Cloud (extremely dangerous; 26% risk of failure)
Confirm with . or Enter, or press ? or * to list all spells.
The spell is extremely dangerous to miscast (26% risk of failure)!
Continue anyway?
Aiming: Mephitic Cloud (extremely dangerous; 26% risk of failure)
Press: ? - help, Shift-Dir - straight line, f/p - gnoll
Aim: a gnoll, wielding a +0 spear (lightly wounded, chance to affect: 91%) That beam is likely to hit you.
Continue anyway?
You miscast Mephitic Cloud.
Nothing appears to happen.
The gnoll hits you but does no damage. x2
Casting: Mephitic Cloud (extremely dangerous; 26% risk of failure)
Confirm with . or Enter, or press ? or * to list all spells.
You don't have enough magic to cast this spell.
There are monsters nearby!
Unknown command.
A dart slug comes into view.
You hit the gnoll.
The gnoll looks even sicker.
The gnoll is heavily wounded.
The gnoll hits you but does no damage. The gnoll attacks as you move away!
The gnoll barely misses you. The gnoll attacks as you move away!
The gnoll closely misses you.
Casting: Mephitic Cloud (extremely dangerous; 26% risk of failure)
Confirm with . or Enter, or press ? or * to list all spells.
The spell is extremely dangerous to miscast (26% risk of failure)!
Continue anyway?
Aiming: Mephitic Cloud (extremely dangerous; 26% risk of failure)
Press: ? - help, Shift-Dir - straight line, f/p - gnoll
Aim: a gnoll, wielding a +0 spear (lightly wounded, chance to affect: 91%)
You miscast Mephitic Cloud.
You feel rather nauseous for a moment!
You are poisoned.
Ouch! That really hurt!
* * * LOW HITPOINT WARNING * * *
You die...

##########
.....)...#
########.# #####
##.####...# #
#.....#.g.####.#####
#.###.@g.g...)......
######.#
#.......######w#
#......###..)...[#
#.####.........###
##.[##......
#..########. #..# #
#.#####..#
.........#


You could see 3 gnolls.

Vanquished Creatures
  An adder (D:2)
  6 bats
  3 endoplasms
  2 giant cockroaches
  4 goblins
  2 hobgoblins
  2 quokkas
  2 ball pythons
  3 frilled lizards (D:1)
  2 kobolds
  4 rats
31 creatures vanquished.

Notes
Turn   | Place    | Note
-------+----------+-------------------------------------------
     0 | D:1      | pokeman the Deep Elf Hedge Wizard began the quest for the
                  | Orb.
     0 | D:1      | Reached XP level 1. HP: 10/10 MP: 7/7
   364 | D:1      | Found a faded altar of an unknown god.
   397 | D:1      | Reached XP level 2. HP: 16/16 MP: 5/9
   877 | D:2      | Reached skill level 5 in Spellcasting
   947 | D:2      | Reached XP level 3. HP: 20/20 MP: 4/11
   951 | D:2      | Learned a level 3 spell: Mephitic Cloud
   954 | D:2      | Learned a level 2 spell: Call Imp
   957 | D:2      | Learned a level 2 spell: Blink
  1025 | D:2      | Identified the +4 dagger "Olurr" {flame, rPois}
  1325 | D:2      | HP: 1/20 [something (10)]
  1325 | D:2      | Succumbed to miscasting Mephitic Cloud's poison

Illustrated notes

Levels and vault maps discovered:
D:1:      ncdulo_watergridlock, layout_basic, chequers_ecumenical_altar_twisty
D:2:      layout_loops_ring, minmay_vboxes

Skill      XL: |  1  2 |
---------------+-------+-----
Spellcasting   | 5 |  5.3
Fighting       | |  0.8
Armour         | |  0.8
Dodging        | |  2.4
Stealth        | |  2.4
Conjurations   | |  1.8
Summonings     | |  1.1
Translocations | |  1.1

Action                   || total
-------------------------++-------
Melee: Dagger            ||     4
       Punch             ||     1
 Cast: Magic Dart        ||    72
 Stab: Sleeping          ||     1
Armor: Robe              ||     5
Dodge: Dodged            ||     8

Table legend: (Time is in decaauts)
 A = Elapsed time spent in this place.
 B = Non-inter-level travel time spent in this place.
 C = Inter-level travel time spent in this place.
 D = Time resting spent in this place.
 E = Time spent auto-exploring this place.
 F = Levels seen in this place.
 G = Mean time per level.
                   A        B        C        D        E       F      G
               +--------+--------+--------+--------+--------+-----+--------+
         Total |   1323 |   1308 |     15 |      0 |   1154 |   2 |  661.5 |
       Dungeon |   1323 |   1308 |     15 |      0 |   1154 |   2 |  661.5 |
               +--------+--------+--------+--------+--------+-----+--------+

Top non-repeatable levels by time:
     D:1: 874 daAuts
     D:2: 449 daAuts
